 Dungeon Crawl Stone Soup version 0.31-a0-925-g0a390f2509 (webtiles) character file.

Game seed: 7189686898398686665

25318 Forgeling the Stormcaller (level 12, -3/86 (90) HPs)
             Began as a Barachi Air Elementalist on Oct 18, 2023.
             Was the Champion of Ru.
             Slain by a reaper
             ... wielding a +1 scythe of freezing
              (34 damage)
             ... in an ice cave.
             The game lasted 00:57:55 (16224 turns).

Forgeling the Stormcaller (BaAE)                   Turns: 16224, Time: 00:57:55

HP:   -3/86 (90)    AC:  8    Str:  6    XL:     12   Next: 18%
MP:   32/35         EV: 10    Int: 30    God:    Ru [******]
Gold: 1210          SH:  4    Dex: 13    Spells: 20/32 levels left

rFire   . . .        b - +5 trident "Xinleapo" {drain, *Slow Str-3 Int+9}
rCold   + + .        s - +0 buckler {rPois}
rNeg    . . .        n - +1 leather armour {rC+ rF+}
rPois   +            g - +1 helmet
rElec   .            (no cloak)
rCorr   .            y - +0 pair of gloves
SInv    .            (no boots)
Will    .....        v - amulet of magic regeneration
Stlth   ++           L - ring of magical power
HPRegen 0.34/turn    x - ring of ice
MPRegen 0.64/turn

%: slow self (1%)
@: exhausted, swift, lightly drained, quick
A: amphibious, frail 1, slowness 1, hated by all, unskilled 1, inexperienced 1,
strong legs 1, +LOS, no forms
a: Hop, Renounce Religion, Draw Out Power, Power Leap, Apocalypse


You were in an ice cave.
You worshipped Ru.
Ru was exalted by your worship.
You visited 2 branches of the dungeon, and saw 15 of its levels.
You also visited: Ice Cave.

You collected 1218 gold pieces.
You spent 8 gold pieces at shops.

Inventory:

Hand Weapons
 b - the +5 trident "Xinleapo" (weapon) {drain, *Slow Str-3 Int+9}
   (You found it on level 4 of the Dungeon)

   Str-3:     It affects your strength (-3).
   Int+9:     It affects your intelligence (+9).
   *Slow:     It may slow you when you take damage.
 m - the +10 quarterstaff of Casoiwo {heavy, *Noise Str+4 Stlth+}
   (You found it on level 6 of the Dungeon)

   Str+4:     It affects your strength (+4).
   *Noise:    It may make a loud noise when swung.
   Stlth+:    It makes you more stealthy.
 r - the +9 rapier "Giant's Toothpick" {freeze, rElec rCorr Int+2 Dex-2}
   (You found it on level 9 of the Dungeon)

   Int+2:     It affects your intelligence (+2).
   Dex-2:     It affects your dexterity (-2).
   rElec:     It insulates you from electricity.
   rCorr:     It protects you from acid and corrosion.
Missiles
 k - 3 atropa-tipped darts
 t - 34 poisoned darts
 w - 3 javelins
 z - 3 boomerangs
Armour
 e - a +3 scale mail of poison resistance
 g - a +1 helmet (worn)
 n - a +1 leather armour of resistance (worn)
 s - a +0 buckler of poison resistance (worn)
 y - a +0 pair of gloves (worn)
 F - a +0 robe of willpower
 I - a +1 leather armour of fire resistance
 S - +0 acid dragon scales
Jewellery
 a - a +4 ring of protection
 p - a ring of resist corrosion
 u - a ring of see invisible
 v - an amulet of magic regeneration (around neck)
 x - a ring of ice (right hand)
 L - a ring of magical power (left hand)
Wands
 d - a wand of digging (4)
 j - a wand of polymorph (7)
 q - a wand of flame (14)
Scrolls
 f - 2 scrolls of noise
 h - 3 scrolls of amnesia
 i - 4 scrolls of enchant armour
 C - a scroll of enchant weapon
 D - a scroll of blinking
 G - a scroll of vulnerability {unknown}
 K - a scroll of acquirement {unknown}
 O - a scroll of silence
 P - 3 scrolls of poison
 R - a scroll of fear {unknown}
 X - a scroll of revelation {@r4}
 Y - 2 scrolls of teleportation {@r3}
Potions
 o - a potion of enlightenment
 A - a potion of attraction
 B - a potion of brilliance
 H - a potion of haste
 J - 5 potions of curing {@q1}
 M - a potion of might
 N - 5 potions of heal wounds {@q2}
 Q - 3 potions of magic
 U - 2 potions of mutation
 W - a potion of lignification


   Skills:
 - Level 11.0 Fighting
 - Level 5.0 Armour
 - Level 2.0 Dodging
 - Level 1.5 Stealth
 + Level 10.7 Spellcasting
 - Level 1.0 Conjurations
 + Level 15.5 Air Magic


You had 20 spell levels left.
You knew the following spells:

 Your Spells              Type           Power      Damage    Failure   Level
a - Shock                 Conj/Air       100%       1d9       1%          1
c - Cigotuvi's Dreadful   Necr/Pois/Air  94%        N/A       1%          2
r - Swiftness             Air            83%        N/A       1%          3
s - Airstrike             Air            41%        2d(6-22)  1%          4
v - Static Discharge      Conj/Air       100%       2-7/arc   1%          2

Your spell library contained the following spells:

 Spells                   Type           Power      Damage    Failure   Level
 Poisonous Vapours        Pois/Air       100%       N/A       1%          2
 Slow                     Hex            64%        N/A       9%          1
 Sting                    Tmut/Pois      64%        1d6       9%          1
 Blink                    Tloc           32%        N/A       13%         2
 Confusing Touch          Hex            16%        N/A       26%         3
 Ignite Poison            Fire/Tmut/Pois 16%        N/A       26%         3
 Sigil of Binding         Hex            16%        N/A       26%         3
 Vampiric Draining        Necr           16%        2d7       26%         3
 Freezing Cloud           Conj/Ice/Air   32%        6-21      26%         5
 Manifold Assault         Tloc           16%        N/A       65%         4
 Olgreb's Toxic Radiance  Pois           16%        N/A       65%         4


Dungeon Overview and Level Annotations

Branches:
Dungeon (13/15)            Temple (0/1) D:5            Lair (2/5) D:8
    Orc (0/2) D:9           IceCv (1/1)
  Swamp: Lair:2-3    Shoals: Lair:2-3     Snake: Lair:2-3    Spider: Lair:2-3
 Vaults: D:13-14

Altars:
Ashenzari
Kikubaaqudgha
Nemelex Xobeh
Okawaru
Ru
Trog
Vehumet
Wu Jian
Xom

Shops:
D:2 *   D:4 (   D:10 *

Portals:
Trove: D:12 (give +3 ice dragon scales)

Annotations:
IceCv exclusion: 2 ice statues


Innate Abilities, Weirdness & Mutations

You are amphibious.
You are frail. (-10% HP)
You cover ground slowly.
You are hated by all.
You are somewhat unskilled. (-1 Apt)
You are somewhat inexperienced. (-1 XL)
You can hop short distances.
You have an extended range of vision and can be seen from far away.
You cannot voluntarily change form.


Message History

The reaper hits you from afar with a +1 scythe of freezing!!
* * * LOW HITPOINT WARNING * * *
The reaper freezes you.
* * * LOW HITPOINT WARNING * * *
You see here a potion of degeneration.
Okay, then.
Unknown command.
Unknown command.
Unknown command.
Unknown command.
Unknown command.
Unknown command.
Unknown command.
Blink to where?
Press: ? - help, Dir - move target
Okay, then.
Unknown command.
Unknown command.
Unknown command.
You are restored by drawing out deep reserves of power within.
You feel drained.
The reaper hits you from afar with a +1 scythe of freezing!!
* * * LOW HITPOINT WARNING * * *
The reaper freezes you.
* * * LOW HITPOINT WARNING * * *
Okay, then.
Unknown command.
Unknown command.
Press: ? - help, v - describe, . - travel
Here: a reaper, wielding a +1 scythe of freezing The floor, spattered with blood.
Unknown command.
Unknown command.
Unknown command.
Unknown command.
Casting: Airstrike (safe; 1% risk of failure)
Confirm with . or Enter, or press ? or * to list all spells.
You feel quick.
The reaper hits you from afar with a +1 scythe of freezing!!
You die...

#.###.8...8.###.#
#.#.'.......'.#.#
#'######+######+#
#...............#
####8.#####.8####
##.#).:#.##
#.#.⌠?#.#
#.#[.)#.#
#.##'##@#
#....2..#
####⌠#### ###


You could see a reaper.

Vanquished Creatures
  Erolcha (D:10)
  3 two-headed ogres
  A boulder beetle (D:11)
  Lodul (D:12)
  2 deep elf pyromancers
  An ugly thing (D:12)
  2 cyclopes (D:12)
  3 elephants (Lair:2)
  An ice statue (D:11)
  3 cane toads
  A kobold demonologist (D:12)
  Maggie (D:10)
  4 komodo dragons (Lair:1)
  A rime drake (Lair:1)
  8 ice devils (IceCv)
  2 anaconda simulacra (IceCv)
  7 blink frogs (Lair:1)
  A hornet (D:8)
  3 shadows
  2 wraiths (D:12)
  5 dire elephant simulacra (IceCv)
  12 yaks
  4 steam dragons (D:8)
  3 basilisks
  Eustachio (D:6)
  9 vampire mosquitoes
  2 death yak simulacra
  2 harpy simulacra (IceCv)
  2 acid dragons
  A hydra simulacrum (IceCv)
  A water moccasin (D:8)
  4 ice beasts
  A sky beast (D:8)
  3 black bears
  5 orc warriors
  The ghost of viaken the Trooper, an amateur DrBe of Trog (D:3)
  5 ogres
  2 wolves (Lair:2)
  4 centaurs
  4 kobold brigands
  A gnoll sergeant (D:4)
  9 bullfrogs
  4 scorpions
  3 cane toad simulacra
  7 wights
  8 killer bees
  8 howler monkeys
  4 hounds
  6 orc priests
  4 gnoll boudas
  3 iguanas (D:4)
  15 orc wizards
  A scorpion zombie (D:3)
  A mummy (D:5)
  15 gnolls
  8 adders
  5 white imps
  3 ufetubi
  3 worms
  A dart slug (D:2)
  42 orcs
  7 ball pythons
  4 endoplasms
  3 giant cockroaches
  4 goblins
  13 hobgoblins
  3 jackals (D:5)
  6 quokkas
  A ball python zombie (D:3)
  7 bats
  5 frilled lizards
  A hobgoblin zombie (D:5)
  20 kobolds
  2 kobold zombies (D:5)
  An orc zombie (D:5)
  9 rats
356 creatures vanquished.

Vanquished Creatures (others)
  A centaur (D:7)
  2 bullfrogs (D:7)
  2 scorpions (D:7)
  2 howler monkeys (D:7)
  An ufetubus (D:7)
  4 orcs (D:7)
12 creatures vanquished.

Grand Total: 368 creatures vanquished

Notes
Turn   | Place    | Note
-------+----------+-------------------------------------------
     0 | D:1      | Forgeling the Barachi Air Elementalist began the quest for
                  | the Orb.
     0 | D:1      | Reached XP level 1. HP: 13/13 MP: 3/3
   229 | D:1      | Reached XP level 2. HP: 19/19 MP: 5/5
   241 | D:1      | Found a faded altar of an unknown god.
   249 | D:1      | Reached skill level 4 in Air Magic
   256 | D:1      | Prayed at the altar of an unknown god.
   256 | D:1      | Became a worshipper of Ru the Awakened
   273 | D:1      | Gained mutation: You are somewhat inexperienced. (-1 XL)
                  | [Ru sacrifice]
   273 | D:1      | Reached XP level 1. HP: 13/13 MP: 3/3
   273 | D:1      | Reached * piety under Ru
   799 | D:2      | Reached XP level 2. HP: 19/19 MP: 5/5
   932 | D:2      | Learned a level 2 spell: Static Discharge
   943 | D:2      | Found Ublew's General Store.
  1048 | D:2      | Reached skill level 5 in Air Magic
  1111 | D:2      | Reached XP level 3. HP: 19/24 MP: 1/6
  1723 | D:3      | Found a runed translucent gate.
  1723 | D:3      | Found a runed translucent gate.
  1723 | D:3      | Found a runed translucent gate.
  1723 | D:3      | Noticed viaken's ghost (amateur DrBe)
  1725 | D:3      | Found a basalt altar of Yredelemnul.
  1771 | D:3      | Reached skill level 6 in Air Magic
  1840 | D:3      | Reached XP level 4. HP: 30/30 MP: 7/7
  2541 | D:3      | Learned a level 3 spell: Swiftness
  2544 | D:3      | Learned a level 2 spell: Cigotuvi's Dreadful Rot
  2820 | D:3      | Reached XP level 5. HP: 28/35 MP: 2/9
  3124 | D:4      | Gained mutation: You are somewhat unskilled. (-1 Apt) [Ru
                  | sacrifice]
  3124 | D:4      | Reached ** piety under Ru
  3124 | D:4      | Reached *** piety under Ru
  3172 | D:4      | Found Mofes's Weapon Boutique.
  3205 | D:4      | Identified the +5 trident "Xinleapo" {drain, *Slow Str-3
                  | Int+9}
  3851 | D:4      | Reached XP level 6. HP: 35/37 MP: 6/11
  3862 | D:4      | Learned a level 4 spell: Airstrike
  3952 | D:4      | Found a broken altar of Ashenzari.
  4146 | D:5      | Entered Level 5 of the Dungeon
  4280 | D:5      | Found a staircase to the Ecumenical Temple.
  4610 | D:5      | Found an iron altar of Okawaru.
  4683 | D:5      | Reached skill level 7 in Air Magic
  5096 | D:5      | Found a bloodstained altar of Trog.
  5419 | D:6      | Noticed Eustachio
  5540 | D:6      | Killed Eustachio
  5541 | D:6      | Reached skill level 8 in Air Magic
  5658 | D:6      | Reached XP level 7. HP: 21/46 MP: 13/13
  5852 | D:6      | Gained mutation: You are hated by all. [Ru sacrifice]
  5852 | D:6      | Reached **** piety under Ru
  5852 | D:6      | Reached ***** piety under Ru
  5856 | D:6      | Identified the +10 quarterstaff of Casoiwo {heavy, *Noise
                  | Str+4 Stlth+}
  6072 | D:7      | Reached skill level 5 in Spellcasting
  6162 | D:7      | Found a shimmering altar of Xom.
  6262 | D:7      | Reached skill level 9 in Air Magic
  6686 | D:7      | Reached XP level 8. HP: 27/52 MP: 17/17
  7071 | D:7      | Reached skill level 10 in Air Magic
  7071 | D:7      | Reached skill level 1 in Fighting
  7264 | D:8      | Found a staircase to the Lair.
  7265 | D:8      | Found an ornate altar of the Wu Jian Council.
  7305 | D:8      | Reached skill level 1 in Armour
  7308 | D:8      | Reached skill level 5 in Fighting
  7618 | D:8      | Reached skill level 5 in Armour
  7668 | D:8      | Reached XP level 9. HP: 65/68 MP: 2/18
  8013 | D:8      | Gained mutation: You are frail. (-10% HP) [Ru sacrifice]
  8417 | D:3      | Killed viaken's ghost
  8683 | D:9      | Reached skill level 11 in Air Magic
  8683 | D:9      | Identified the +9 rapier "Giant's Toothpick" {freeze, rElec
                  | rCorr Int+2 Dex-2}
  8750 | D:9      | Found a staircase to the Orcish Mines.
  8771 | D:9      | Noticed a deep elf pyromancer
  8773 | D:9      | Killed a deep elf pyromancer
  9204 | D:10     | Entered Level 10 of the Dungeon
  9216 | D:10     | Reached skill level 12 in Air Magic
  9289 | D:10     | Reached XP level 10. HP: 23/68 MP: 17/22
  9489 | D:10     | Noticed Erolcha
  9620 | D:10     | Found a large runed translucent door.
  9621 | D:10     | Found a large runed translucent door.
  9624 | D:10     | Noticed Maggie
  9670 | D:10     | Killed Maggie
  9684 | D:10     | Found Fyaphix's CLEARANCE SALE!.
  9692 | D:10     | Bought a scroll of identify for 8 gold pieces
  9803 | D:10     | Noticed a two-headed ogre
  9919 | D:10     | Killed a two-headed ogre
  9933 | D:10     | Killed Erolcha
 10530 | D:10     | Found a sparkling altar of Nemelex Xobeh.
 10540 | D:10     | Found an ancient bone altar of Kikubaaqudgha.
 10592 | D:11     | Noticed a two-headed ogre
 10595 | D:11     | Killed a two-headed ogre
 10709 | D:11     | Found a radiant altar of Vehumet.
 10712 | D:11     | Gained mutation: You cannot voluntarily change form. [Ru
                  | sacrifice]
 10712 | D:11     | Reached ****** piety under Ru
 10864 | D:11     | You fall into a shaft and drop 2 floors!
 10874 | D:13     | Noticed a two-headed ogre
 10878 | D:13     | Noticed a centaur warrior
 10880 | D:13     | Noticed a centaur warrior
 10880 | D:13     | Noticed a two-headed ogre
 10881 | D:13     | Noticed an ogre mage
 10881 | D:13     | Noticed a two-headed ogre
 10881 | D:13     | Noticed a two-headed ogre
 10881 | D:13     | Noticed a boulder beetle
 10882 | D:13     | Noticed a two-headed ogre
 10897 | D:12     | Noticed a boulder beetle
 10910 | D:12     | Noticed Lodul
 10912 | D:12     | Noticed a deep elf pyromancer
 10948 | D:11     | Killed a boulder beetle
 10949 | D:11     | Reached skill level 13 in Air Magic
 11851 | D:12     | Noticed a cyclops
 11854 | D:12     | Killed a cyclops
 11907 | D:12     | Noticed a cyclops
 11909 | D:12     | Killed a cyclops
 11972 | D:12     | Noticed a two-headed ogre
 12141 | D:12     | Reached skill level 10 in Spellcasting
 12143 | D:12     | Reached XP level 11. HP: 78/78 MP: 19/25
 12521 | D:12     | Found a portal to a secret trove of treasure.
 12694 | D:12     | Killed Lodul
 13134 | D:12     | Killed a two-headed ogre
 13135 | D:12     | Reached skill level 14 in Air Magic
 13428 | Lair:1   | Entered Level 1 of the Lair of Beasts
 13977 | Lair:1   | Reached skill level 15 in Air Magic
 14451 | Lair:2   | Reached skill level 10 in Fighting
 14621 | Lair:2   | Found a frozen archway.
 14707 | IceCv    | Entered an ice cave
 14760 | IceCv    | Reached XP level 12. HP: 75/90 MP: 7/26
 16219 | IceCv    | Noticed a reaper
 16224 | IceCv    | Slain by a reaper

Illustrated notes

Levels and vault maps discovered:
D:1:      psy_arrival_statuary, layout_rooms,
          shapermc_ecumenical_altar_acropolis
D:2:      layout_rooms, serial_shops, shop, kennysheep_generic_room_2
D:3:      minmay_octagon_keep, layout_loops_cross,
          nicolae_yredelemnul_ghost_church, serial_bayou_lagoon_a
D:4:      layout_basic, evilmike_ruin_ashenzari, serial_shops, shop,
          minmay_close_crescents
D:5:      layout_loops_corners, okawaru_ov_weapons_minmay, kennysheep_mini_moat,
          minmay_temple_entry_slanted, minmay_mini_ossuary
D:6:      layout_cave_pools, uniq_eustachio
D:7:      layout_loops_ring, xom_confusion_cloud, minmay_misc_feat_rows,
          feat_on_display
D:8:      layout_cave_pods, lemuel_crystal_altar, lair_entry_dummy, serial_park,
          serial_park_square3 [serial_park_minivault_5x5_3], serial_park_tiny_1,
          serial_park_tiny_2, serial_park_square3 [serial_park_minivault_5x5_7]
D:9:      layout_gridville, orc_0_dummy
D:10:     layout_long_grid, jmf_multi_god_temple2, nicolae_shop_clearance,
          uniq_erolcha, uniq_maggie
D:11:     layout_loops_corners, minivault_16, vehumet_crystals
D:12:     layout_loops_cross, nicolae_trove_entry_isolated,
          nicolae_figureground_sparkle, uniq_lodul
D:13:     layout_long_grid, serial_shops, nicolae_shop_just_a_little_nook
Lair:1:   layout_regular_city, lemuel_fruit_fields, lemuel_fruit_tree
Lair:2:   layout_small_grid, minmay_shoals_entry_lonely_mermaid,
          portal_ice_cave_entry_ice_simulacra, infiniplex_staircase_pool
IceCv:    ice_cave_tombish

Skill      XL: |  1  2  3  4  5  6  7  8  9 10 11 |
---------------+----------------------------------+-----
Air Magic      | 5 6 8 9 10 12 13 15 | 15.5
Spellcasting   | 3 4 6 8 10 | 10.7
Fighting       | 5 8 11 | 11.0
Armour         | 5 |  5.0
Dodging        | |  2.0
Stealth        | |  1.5
Conjurations   | |  1.0

Action                     |  1- 3 |  4- 6 |  7- 9 | 10-12 || total
---------------------------+-------+-------+-------+-------++-------
  Melee: Trident           |       |    50 |    52 |    50 ||   152
         Rapier            |       |       |       |     7 ||     7
   Fire: Sling             |   164 |    85 |       |       ||   249
  Throw: Dart              |       |     8 |       |       ||     8
   Cast: Shock             |    26 |    57 |    92 |     2 ||   177
         Static Discharge  |    12 |    45 |    29 |    11 ||    97
         Swiftness         |       |     1 |     1 |     1 ||     3
         Cigotuvi's Dreadf |       |     3 |     2 |     2 ||     7
         Airstrike         |       |       |    76 |   308 ||   384
 Invoke: Sacrifice Experie |     1 |       |       |       ||     1
         Sacrifice Skill   |       |     1 |       |       ||     1
         Sacrifice Love    |       |       |     1 |       ||     1
         Draw Out Power    |       |       |     1 |     3 ||     4
         Sacrifice Health  |       |       |     1 |       ||     1
         Power Leap        |       |       |       |     8 ||     8
         Sacrifice Forms   |       |       |       |     1 ||     1
Ability: Hop               |     3 |     2 |     4 |    16 ||    25
  Evoke: Wand              |       |       |       |     4 ||     4
    Use: Scroll            |     1 |     6 |     3 |    12 ||    22
         Potion            |     1 |       |       |     1 ||     2
   Stab: Sleeping          |       |       |     4 |       ||     4
         Distracted        |       |       |       |     1 ||     1
         Paralysed         |       |       |       |     2 ||     2
 Armour: Robe              |    48 |    60 |    14 |     3 ||   125
         Steam dragon scal |       |       |    41 |     7 ||    48
         Acid dragon scale |       |       |       |   107 ||   107
         Leather armour    |       |       |       |     4 ||     4
  Dodge: Dodged            |    40 |   100 |    44 |    67 ||   251
  Block: Buckler           |       |    17 |    10 |    19 ||    46

Table legend: (Time is in decaauts)
 A = Elapsed time spent in this place.
 B = Non-inter-level travel time spent in this place.
 C = Inter-level travel time spent in this place.
 D = Time resting spent in this place.
 E = Time spent auto-exploring this place.
 F = Levels seen in this place.
 G = Mean time per level.
                   A        B        C        D        E       F      G
               +--------+--------+--------+--------+--------+-----+--------+
         Total |  18381 |  17284 |   1097 |   1684 |  11548 |  16 | 1148.8 |
       Dungeon |  15352 |  14288 |   1064 |    530 |  10557 |  13 | 1180.9 |
          Lair |   1446 |   1414 |     32 |     74 |    991 |   2 |  723.0 |
      Ice Cave |   1581 |   1581 |      0 |   1080 |      0 |   1 | 1581.0 |
               +--------+--------+--------+--------+--------+-----+--------+

Top non-repeatable levels by time:
     D:3: 1895 daAuts
   IceCv: 1581 daAuts
    D:11: 1565 daAuts
    D:12: 1545 daAuts
    D:10: 1497 daAuts
     D:4: 1388 daAuts
     D:8: 1362 daAuts
     D:7: 1354 daAuts
     D:5: 1262 daAuts
  Lair:1: 1155 daAuts
     D:2: 1154 daAuts
     D:6: 867 daAuts
     D:9: 761 daAuts
     D:1: 659 daAuts
  Lair:2: 291 daAuts
